 Dungeon Crawl Stone Soup version 0.30.0-15-g856e2d3f33 (webtiles) character file.

Game seed: 9923918068761633479

264 Strat the Covert (level 5, -7/27 HPs)
             Began as a Spriggan Delver on May 19, 2023.
             Mangled by an iguana (13 damage)
             ... on level 4 of the Dungeon.
             The game lasted 00:08:00 (2674 turns).

Strat the Covert (Spriggan Delver)                  Turns: 2674, Time: 00:08:00

Health: -7/27      AC:  3    Str: 14    XL:     5   Next: 98%
Magic:  6/6        EV: 17    Int: 13    God:
Gold:   181        SH:  0    Dex: 17    Spells: 4/4 levels left

rFire   . . .        a - +0 short sword
rCold   . . .        (no shield)
rNeg    . . .        b - +0 robe
rPois   .            (helmet restricted)
rElec   .            l - +0 cloak
rCorr   .            (gloves unavailable)
SInv    +            (boots unavailable)
Will    .....        (no amulet)
Stlth   +++++        q - +6 ring of strength
HPRegen 0.24/turn    (no ring)
MPRegen 0.10/turn

%: no passive effects
@: very quick
A: very small, no large weapons, unfitting armour, see invisible, speed 3
a: no special abilities


You were on level 4 of the Dungeon.
You visited 1 branch of the dungeon, and saw 5 of its levels.

You collected 181 gold pieces.

Inventory:

Hand Weapons
 a - a +0 short sword (weapon)
Missiles
 k - 3 poisoned darts (quivered)
 v - 2 datura-tipped darts
Armour
 b - a +0 robe (worn)
 l - a +0 cloak (worn)
Jewellery
 q - a +6 ring of strength (left hand)
 r - a +4 ring of slaying
 w - a ring of fire
Wands
 g - a wand of digging (2)
 i - a wand of paralysis (8)
Scrolls
 c - 2 scrolls of fog
 d - 6 scrolls of identify {unknown}
 e - a scroll of fear
 h - 2 scrolls of enchant armour {unknown}
 j - a scroll of poison {unknown}
 o - 4 scrolls of teleportation {unknown}
 s - 2 scrolls of blinking {unknown}
 x - a scroll of enchant weapon {unknown}
 y - a scroll of magic mapping
Potions
 f - 2 potions of haste
 m - 2 potions of heal wounds {unknown}
 n - 2 potions of mutation {unknown}
 p - a potion of might {unknown}
 t - a potion of curing {unknown}
 u - a potion of ambrosia {unknown}


   Skills:
 - Level 2.4 Fighting
 + Level 5.0 Short Blades
 - Level 2.6 Dodging
 - Level 10.0 Stealth


You had 4 spell levels left.
You didn't know any spells.
Your spell library was empty.

Dungeon Overview and Level Annotations

Branches:
Dungeon (5/15)
 Temple: D:4-7

Altars:
Uskayaw
The Shining One

Annotations:
D:3 1 transporter, frost775's ghost, amateur GnRe
D:4 Dowan; Duvessa; Eustachio


Innate Abilities, Weirdness & Mutations

You are very small and have problems with some larger weapons.
You are too small for most types of armour.
You have supernaturally acute eyesight. (SInv)
You cover ground extremely quickly. (Speed+++)


Message History

The ufetubus hits you.
You hit the jackal but do no damage.
The jackal is heavily wounded.
The jackal misses you.
The ufetubus hits you but does no damage.
The ufetubus misses you.
You closely miss the jackal.
The jackal is heavily wounded.
The jackal misses you. The ufetubus hits you. The ufetubus misses you.
The jackal completely misses you. The ufetubus barely misses you.
The ufetubus completely misses you.
You climb upwards.
Level annotation: 1 transporter, frost775's ghost, amateur GnRe
There is a stone staircase leading down here.
You hit the jackal.
You kill the jackal!
You start resting.
HP restored.
You can't go down here!
You catch the helpless jackal completely off-guard!
You puncture the jackal!
You kill the jackal!
No target in view!
No target in view!
There is a stone staircase leading down here.
You climb downwards.
Level annotation: Dowan; Duvessa; Eustachio The iguana bites you but does no damage.
The orc closely misses you.
There is a stone staircase leading up here.
The iguana closely misses you. The orc misses you. The iguana misses you.
The orc misses you.
You barely miss the iguana. The iguana bites you!
* * * LOW HITPOINT WARNING * * *
The orc misses you.
The iguana hisses angrily.
You hit the iguana but do no damage. The iguana bites you!
* * * LOW HITPOINT WARNING * * *
You hit the iguana but do no damage. The iguana bites you!
You die...

**,,,,,,,,,,,,,,,...#.#*
#...
***,,****,,,,*,*#.*##*
#... **** ********#**
#...
****##################...
*,,,#...................#
**,,#....................
*...#.....#..............
*#.......###.............
*,,,,,*#@#.#.............
***,,,,#.lo<..........l..
*,,,,#.##..##..###.....
****...l#..##.## #.....
#...........###.....
#...........#...5#..
###.##......##...##.
*#.........##......
*..,..#.≈≈.....≈≈≈#


You could see 2 iguanas and an orc.

Vanquished Creatures
  Blork the orc (D:4)
  A scorpion (D:2)
  6 adders
  2 worms (D:2)
  2 dart slugs
  6 orcs
  2 ball pythons
  9 endoplasms
  5 giant cockroaches
  5 goblins
  8 hobgoblins
  4 jackals
  5 kobolds
  3 bats
  3 frilled lizards
  8 rats
70 creatures vanquished.

Notes
Turn   | Place    | Note
-------+----------+-------------------------------------------
     0 | D:5      | Strat the Spriggan Delver began the quest for the Orb.
     0 | D:5      | Reached XP level 1. HP: 11/11 MP: 2/2
    23 | D:5      | Noticed a centaur
    39 | D:4      | Noticed Dowan
    40 | D:4      | Noticed Duvessa
    41 | D:4      | Noticed an iguana
    57 | D:4      | Found a hide-covered altar of Uskayaw.
    85 | D:4      | Noticed a black bear
   176 | D:2      | Reached XP level 2. HP: 16/16 MP: 3/3
   351 | D:1      | Reached skill level 8 in Stealth
   383 | D:1      | Found a faded altar of an unknown god.
   899 | D:2      | Reached XP level 3. HP: 16/19 MP: 4/4
  1145 | D:2      | Noticed a scorpion
  1227 | D:2      | Found a glowing golden altar of the Shining One.
  1381 | D:2      | Killed a scorpion
  1382 | D:2      | Reached skill level 9 in Stealth
  1382 | D:2      | Reached XP level 4. HP: 23/23 MP: 5/5
  1684 | D:3      | Reached XP level 5. HP: 27/27 MP: 6/6
  1948 | D:3      | Identified the +6 great mace of Courage {heavy, rPois Dex+3
                  | Stlth+}
  1948 | D:3      | Noticed an ogre
  1949 | D:3      | Found a transporter.
  1951 | D:3      | Noticed frost775's ghost (amateur GnRe)
  2368 | D:3      | Reached skill level 10 in Stealth
  2539 | D:4      | Noticed Eustachio
  2549 | D:4      | Noticed Blork the orc
  2556 | D:4      | Killed Blork the orc
  2557 | D:4      | Reached skill level 5 in Short Blades
  2674 | D:4      | Mangled by an iguana

Illustrated notes

Levels and vault maps discovered:
D:1:      matt_arrival_diagonals, layout_loops_ring,
          dreamdust_ecumenical_altar_hidden_monk_grotto,
          chequers_decorated_corner
D:2:      minmay_inner_zag, layout_basic, basic_altar, minmay_tetromino_t4
D:3:      layout_loops_ring, gammafunk_ghost_smash, minmay_goblin_outpost
D:4:      layout_cave_pools, nicolae_uskayaw_suspiria,
          nicolae_tso_carved_into_rock, uniq_blork_the_orc, uniq_eustachio,
          uniq_duvessa
D:5:      layout_rooms, uniq_prince_ribbit1

Skill      XL: |  1  2  3  4  5 |
---------------+----------------+-----
Stealth        | 8 9 10 | 10.0
Short Blades   | 3 5 |  5.0
Fighting       | |  2.4
Dodging        | |  2.6

Action                     |  1- 3 |  4- 6 || total
---------------------------+-------+-------++-------
  Melee: Short sword       |   120 |   122 ||   242
         Punch             |     1 |       ||     1
  Evoke: Wand              |     2 |     1 ||     3
    Use: Scroll            |     1 |       ||     1
   Stab: Sleeping          |    17 |     8 ||    25
         Distracted        |     1 |     2 ||     3
         Paralysed         |     1 |     1 ||     2
 Armour: Robe              |     7 |    16 ||    23
  Dodge: Dodged            |    69 |    99 ||   168
